 Dungeon Crawl Stone Soup version 0.32-a0-675-gdc239d62e1 (webtiles) character file.

Game seed: 11405598291363083064

22290 mopl the Cleaver (level 12, -11/94 HPs)
             Began as a Demonspawn Fighter on Mar 11, 2024.
             Was a High Priest of Makhleb.
             Mangled by a merfolk
             ... wielding a +0 trident
              (18 damage)
             ... on level 2 of the Lair of Beasts.
             The game lasted 00:16:37 (10147 turns).

mopl the Cleaver (Demonspawn Fighter)              Turns: 10147, Time: 00:16:38

Health: -11/94     AC:  7    Str: 20    XL:     12   Next: 61%
Magic:  19/19      EV: 19    Int: 10    God:    Makhleb [*****.]
Gold:   717        SH: 14    Dex: 15    Spells: 11/11 levels left

rFire   . . .        b - +5 Force Lance {heavy, knockback}
rCold   . . .        c - +0 buckler
rNeg    . . .        r - +2 leather armour {rPois}
rPois   +            (no helmet)
rElec   .            (no cloak)
rCorr   .            (no gloves)
SInv    .            K - +0 pair of boots
Will    .....        j - amulet of reflection
Stlth   ++           A - ring of flight
HPRegen 0.35/turn    n - +5 ring of evasion
MPRegen 0.16/turn

%: reflection
@: flying
A: thin skeletal structure 1, powered by death 2, condensation shield, weakness
stinger 1
a: Renounce Religion, Minor Destruction, Lesser Servant of Makhleb, Major
Destruction, Greater Servant of Makhleb


You were on level 2 of the Lair of Beasts.
You worshipped Makhleb.
Makhleb was extremely pleased with you.
You visited 3 branches of the dungeon, and saw 13 of its levels.
You also visited: Volcano.

You collected 786 gold pieces.
You spent 69 gold pieces at shops.

Inventory:

Hand Weapons
 a - a +2 broad axe of flaming
 b - the +5 Force Lance (weapon) {heavy, knockback}
   (You found it on level 5 of the Dungeon)
 M - a +5 spear of freezing
Missiles
 p - 30 poisoned darts (quivered)
 L - 3 atropa-tipped darts
 O - 3 boomerangs
 Q - a curare-tipped dart
 R - 5 darts of dispersal
Armour
 c - a +0 buckler (worn)
 g - a +0 ring mail of fire resistance
 r - a +2 leather armour of poison resistance (worn)
 K - a +0 pair of boots (worn)
 N - a +0 kite shield
Jewellery
 f - a ring of protection from cold
 j - an amulet of reflection (around neck)
 n - a +5 ring of evasion (right hand)
 A - a ring of flight (left hand)
Wands
 F - a wand of charming (20)
 S - a wand of mindburst (5)
Scrolls
 e - 3 scrolls of noise {unknown}
 h - 9 scrolls of teleportation
 i - 2 scrolls of enchant armour {unknown}
 m - a scroll of immolation {unknown}
 o - 4 scrolls of blinking
 u - 3 scrolls of fog
 x - 2 scrolls of enchant weapon {unknown}
 y - 3 scrolls of poison {unknown}
 C - a scroll of acquirement {unknown}
 D - a scroll of fear {unknown}
 G - 2 scrolls of revelation {unknown}
 H - a scroll of amnesia {unknown}
 I - 2 scrolls of vulnerability {unknown}
 U - 3 scrolls of torment {unknown}
Potions
 d - 3 potions of might
 k - 4 potions of resistance {unknown}
 l - 3 potions of cancellation
 q - 5 potions of curing
 s - 2 potions of enlightenment
 t - 3 potions of heal wounds
 v - a potion of brilliance {unknown}
 w - 2 potions of lignification {!q}
 z - 2 potions of attraction
 B - 2 potions of magic
 E - a potion of mutation {!q}
 P - 2 potions of berserk rage {!q}


   Skills:
 + Level 8.4 Fighting
 * Level 12.5 Axes
 + Level 3.4 Throwing
 + Level 7.7 Armour
 + Level 6.8 Dodging
 - Level 2.6 Shields
 + Level 10.5 Invocations
 + Level 3.6 Evocations


You had 11 spell levels left.
You didn't know any spells.
Your spell library contained the following spells:

 Spells                   Type           Power      Damage    Failure   Level
 Freeze                   Ice            0%         1d3       50%         1
 Mercury Vapours          Alch/Air       0%         N/A       63%         2
 Static Discharge         Conj/Air       0%         3-3/arc   63%         2
 Frozen Ramparts          Ice            0%         1d1       86%         3
 Hailstorm                Conj/Ice       0%         3d5       86%         3
 Mephitic Cloud           Conj/Alch/Air  0%         N/A       86%         3
 Ozocubu's Armour         Ice            0%         N/A       86%         3
 Summon Ice Beast         Ice/Summ       0%         N/A       86%         3
 Airstrike                Air            0%         2d(0-16)  99%         4
 Olgreb's Toxic Radiance  Alch           0%         N/A       99%         4
 Summon Lightning Spire   Summ/Air       0%         N/A       99%         4
 Vhi's Electric Charge    Tloc/Air       0%         N/A       99%         4
 Arcjolt                  Conj/Air       0%         1d10      100%        5
 Freezing Cloud           Conj/Ice/Air   0%         6-21      100%        5
 Metabolic Englaciation   Hex/Ice        0%         N/A       100%        5
 Sculpt Simulacrum        Ice/Alch       0%         N/A       100%        6
 Ozocubu's Refrigeration  Ice            0%         4d7       100%        7
 Discord                  Hex            0%         N/A       100%        8
 Maxwell's Capacitive Co  Air            0%         ∞         100%        8


Dungeon Overview and Level Annotations

Branches:
Dungeon (10/15)            Temple (1/1) D:4            Lair (2/5) D:10
 Shoals (0/4) Lair:2          Orc (0/2) D:9         Volcano (visited)
  Snake: Lair:2-3    Spider: Lair:2-3

Altars:
Ashenzari
Cheibriados
Dithmenos
Fedhas
Gozag
Hepliaklqana
Kikubaaqudgha
Makhleb
Nemelex Xobeh
Okawaru
Qazlal
Ru
Sif Muna
Trog
Uskayaw
Vehumet
Wu Jian
Xom
Yredelemnul

Shops:
D:3 *

Annotations:
D:7 2 transporters


Innate Abilities, Weirdness & Mutations

You have a somewhat thin skeletal structure. (Dex +2, Stealth+)
You regenerate health from kills.
A meltable shield of frost defends you. (SH +4)
You have a small tail.


Message History

The merfolk misses you. The yak barely misses you.
You hit the yak. You tail-slap the yak.
The yak is lightly wounded.
You block the merfolk's attack. The yak misses you.
You completely miss the yak. You tail-slap the yak.
The yak is lightly wounded.
The merfolk misses you. The yak gores you!
You hit the yak.
The yak is moderately wounded.
You block the merfolk's attack. You block the yak's attack.
You puncture the yak!
The yak is severely wounded.
You hear a shout!
You hear a bellow!
The merfolk hits you from afar with a +0 trident!
You block the yak's attack.
The merfolk hits you from afar with a +0 trident!
You hear a bellow!
You hear a shout!
You barely miss the yak.
The yak is severely wounded.
You block the yak's attack.
The merfolk hits you from afar with a +0 trident!
* * * LOW HITPOINT WARNING * * *
Unknown command.
You impale the yak!!
You kill the yak!
Makhleb accepts your kill.
A merfolk comes into view.
It is wielding a +0 trident and quivering a throwing net.
You block the merfolk's attack.
Unknown command.
Unknown command.
You closely miss the merfolk.
A yak comes into view.
The merfolk misses you.
The merfolk hits you from afar with a +0 trident!!
* * * LOW HITPOINT WARNING * * *
The yak bellows!
You hear a shout!
Unknown command.
A yak comes into view.
The merfolk hits you from afar with a +0 trident!!
You die...

#### #..#### ..###.###
~~..##.P##
~~.......#####
≈~~.P##..##.P########
≈≈~).##........#.#PP##
≈≈~~####.#...#..@...P##
≈≈~~# ####...#.#.#...#
≈≈~.. ##.Ym#####.##
≈~..# #.mY~m# #.# ~~..#
####.m~~### ...#
...~~m~ ..## ##..#>#
P## ##... ## ###


You could see 2 merfolk and 2 yaks.

Vanquished Creatures
  A red draconian (Volcano)
  An ogre mage (Volcano)
  8 two-headed ogres
  Amaemon (Lair:2)
  Pikel (D:6)
  An elephant (D:10)
  6 cane toads
  An orange demon (Lair:2)
  4 kobold demonologists (D:9)
  A rime drake (Lair:1)
  2 komodo dragons
  Psyche (D:10)
  A merfolk (Lair:2)
  A polar bear (Lair:1)
  A troll (D:10)
  A hornet (D:9)
  3 blink frogs (Lair:2)
  A vampire (D:9)
  A wyvern (D:9)
  3 fire bats (Lair:2)
  2 steam dragons
  23 yaks
  5 water moccasins
  3 ice beasts
  4 orc warriors
  2 ogres
  2 sky beasts
  A black bear (D:8)
  6 wolves (Lair:2)
  3 centaurs
  2 phantoms
  2 kobold brigands
  3 lemures (D:6)
  Blork the orc (D:6)
  12 bullfrogs
  2 gnoll sergeants (D:8)
  5 scorpions
  A wight (D:8)
  9 killer bees
  An electric eel (Lair:1)
  4 howler monkeys
  3 bombardier beetles
  4 hounds
  4 orc priests
  A gnoll bouda (D:7)
  A jelly (D:5)
  2 sleepcaps
  An iguana (D:4)
  6 orc wizards
  13 gnolls
  8 adders
  2 shadow imps
  2 white imps
  3 dart slugs
  2 ribbon worms
  31 orcs
  6 ball pythons
  3 bats
  4 endoplasms (D:2)
  5 giant cockroaches
  4 goblins
  7 hobgoblins
  A quokka (D:2)
  3 frilled lizards (D:2)
  15 kobolds
  2 rats (D:3)
266 creatures vanquished.

Vanquished Creatures (collateral kills)
  A water moccasin (Lair:1)
1 creature vanquished.

Vanquished Creatures (others)
  A black mamba (Lair:1)
  A bombardier beetle (D:2)
2 creatures vanquished.

Grand Total: 269 creatures vanquished

Notes
Turn   | Place    | Note
-------+----------+-------------------------------------------
     0 | D:1      | mopl the Demonspawn Fighter began the quest for the Orb.
     0 | D:1      | Reached XP level 1. HP: 18/18 MP: 1/1
   126 | D:1      | Reached skill level 2 in Axes
   533 | D:1      | Gained mutation: You regenerate a little health from kills.
                  | [demonic ancestry]
   533 | D:1      | Reached XP level 2. HP: 24/24 MP: 2/2
   969 | D:2      | Reached skill level 3 in Axes
  1149 | D:2      | Reached XP level 3. HP: 29/29 MP: 3/3
  1348 | D:2      | Reached XP level 4. HP: 35/35 MP: 4/4
  1371 | D:2      | Reached skill level 4 in Axes
  1801 | D:3      | Found Zylut's Assorted Antiques.
  1810 | D:3      | Bought a scroll labelled PURCHE RIESUL for 24 gold pieces
  1810 | D:3      | Bought a bubbling inky potion for 21 gold pieces
  1810 | D:3      | Bought a scroll labelled ERPHAI JOLURU WOV for 24 gold
                  | pieces
  1978 | D:3      | Gained mutation: You have a somewhat thin skeletal
                  | structure. (Dex +2, Stealth+) [demonic ancestry]
  1978 | D:3      | Reached XP level 5. HP: 41/41 MP: 5/5
  1998 | D:3      | Reached skill level 5 in Axes
  2307 | D:4      | Noticed a phantom
  2324 | D:4      | Killed a phantom
  2325 | D:4      | Reached XP level 6. HP: 47/47 MP: 6/6
  2398 | D:4      | Reached skill level 6 in Axes
  2473 | D:4      | Found a staircase to the Ecumenical Temple.
  2491 | Temple   | Entered the Ecumenical Temple
  2515 | Temple   | Became a worshipper of Makhleb the Destroyer
  2907 | D:5      | Entered Level 5 of the Dungeon
  2981 | D:5      | Reached skill level 1 in Invocations
  2985 | D:5      | Found the +5 Force Lance {heavy, knockback}
  3035 | D:5      | Reached skill level 2 in Invocations
  3035 | D:5      | Gained mutation: You have a small tail. [demonic ancestry]
  3035 | D:5      | Reached XP level 7. HP: 32/52 MP: 8/8
  3065 | D:5      | Reached skill level 7 in Axes
  3137 | D:5      | Reached skill level 3 in Invocations
  3534 | D:5      | Reached skill level 4 in Invocations
  3604 | D:6      | Reached XP level 8. HP: 58/58 MP: 11/11
  3625 | D:6      | Reached skill level 3 in Armour
  3646 | D:6      | Reached skill level 1 in Dodging
  3649 | D:6      | Noticed Pikel
  3660 | D:6      | Killed Pikel
  3660 | D:6      | Reached * piety under Makhleb
  3661 | D:6      | Reached skill level 8 in Axes
  3661 | D:6      | Reached skill level 2 in Dodging
  3661 | D:6      | Reached skill level 5 in Invocations
  3690 | D:6      | Reached skill level 4 in Fighting
  3709 | D:6      | Noticed Blork the orc
  3717 | D:6      | Killed Blork the orc
  4182 | D:6      | Reached skill level 4 in Armour
  4182 | D:6      | Gained mutation: You regenerate health from kills. [demonic
                  | ancestry]
  4182 | D:6      | Reached XP level 9. HP: 66/66 MP: 13/13
  4638 | D:7      | Reached skill level 9 in Axes
  4641 | D:7      | Reached skill level 3 in Dodging
  4645 | D:7      | Reached skill level 6 in Invocations
  4723 | D:7      | Noticed a deep elf pyromancer
  4723 | D:7      | Noticed a kobold demonologist
  4726 | D:7      | Noticed a manticore
  4881 | D:7      | Found a transporter.
  4881 | D:7      | Found a transporter.
  4985 | D:7      | Found a hide-covered altar of Uskayaw.
  5379 | D:8      | Reached skill level 5 in Fighting
  5479 | D:8      | Reached ** piety under Makhleb
  6292 | D:8      | Reached skill level 5 in Armour
  6601 | D:9      | Reached skill level 7 in Invocations
  6607 | D:9      | Reached skill level 4 in Dodging
  6617 | D:9      | Reached XP level 10. HP: 75/75 MP: 15/15
  6645 | D:9      | Noticed a two-headed ogre
  6659 | D:9      | Killed a two-headed ogre
  6660 | D:9      | Reached skill level 10 in Axes
  7027 | D:8      | Reached skill level 6 in Fighting
  7094 | D:9      | Found a staircase to the Orcish Mines.
  7328 | D:9      | Noticed a rust devil
  7329 | D:9      | Reached *** piety under Makhleb
  7330 | D:9      | Reached skill level 8 in Invocations
  7450 | D:9      | Reached skill level 6 in Armour
  7450 | D:9      | Reached skill level 5 in Dodging
  7481 | D:10     | Entered Level 10 of the Dungeon
  7692 | D:10     | Reached XP level 11. HP: 83/83 MP: 17/17
  7695 | D:10     | Reached skill level 11 in Axes
  7734 | D:10     | Noticed a two-headed ogre
  7750 | D:10     | Killed a two-headed ogre
  7753 | D:10     | Noticed Psyche
  7759 | D:10     | Killed Psyche
  7760 | D:10     | Reached skill level 7 in Fighting
  7808 | D:10     | Found a sparkling altar of Nemelex Xobeh.
  7808 | D:10     | Found an ornate altar of the Wu Jian Council.
  8066 | D:10     | Found a staircase to the Lair.
  8152 | D:10     | Reached skill level 9 in Invocations
  8259 | Lair:1   | Entered Level 1 of the Lair of Beasts
  8288 | Lair:1   | Reached **** piety under Makhleb
  8455 | Lair:1   | Reached skill level 1 in Evocations
  8503 | Lair:1   | Reached skill level 1 in Throwing
  8521 | Lair:1   | Reached skill level 6 in Dodging
  8660 | Lair:1   | Reached skill level 7 in Armour
  8917 | Lair:1   | Reached skill level 2 in Evocations
  9190 | Lair:2   | Reached skill level 2 in Throwing
  9206 | Lair:2   | Reached skill level 12 in Axes
  9206 | Lair:2   | Gained mutation: A meltable shield of frost defends you.
                  | (SH +4) [demonic ancestry]
  9206 | Lair:2   | Reached XP level 12. HP: 80/92 MP: 19/19
  9308 | Lair:2   | Noticed Amaemon
  9356 | Lair:2   | Killed Amaemon
  9357 | Lair:2   | Reached skill level 10 in Invocations
  9366 | Lair:2   | Reached skill level 8 in Fighting
  9366 | Lair:2   | Found a dark tunnel.
  9390 | Volcano  | Entered a volcano
  9398 | Volcano  | Noticed a two-headed ogre
  9408 | Volcano  | Killed a two-headed ogre
  9426 | Volcano  | Noticed a two-headed ogre
  9429 | Volcano  | Found a burning altar of Makhleb.
  9430 | Volcano  | Noticed a two-headed ogre
  9430 | Volcano  | Noticed an ogre mage
  9430 | Volcano  | Noticed a red draconian
  9430 | Volcano  | Noticed a two-headed ogre
  9437 | Volcano  | Noticed a two-headed ogre
  9443 | Volcano  | Killed a two-headed ogre
  9444 | Volcano  | Reached skill level 3 in Evocations
  9445 | Volcano  | Noticed a two-headed ogre
  9458 | Volcano  | Killed a two-headed ogre
  9458 | Volcano  | Reached ***** piety under Makhleb
  9467 | Volcano  | Killed a two-headed ogre
  9468 | Volcano  | Reached skill level 3 in Throwing
  9596 | Volcano  | Killed a two-headed ogre
  9731 | Volcano  | Paralysed by an ogre mage for 3 turns
  9739 | Volcano  | Killed an ogre mage
  9743 | Volcano  | Killed a two-headed ogre
  9913 | Volcano  | Killed a red draconian
 10129 | Lair:2   | Found a staircase to the Shoals.
 10147 | Lair:2   | Mangled by a merfolk

Illustrated notes

Levels and vault maps discovered:
D:1:      minmay_arrival_up_and_down, layout_basic
D:2:      layout_basic
D:3:      layout_loops_ring, serial_shops, shop
D:4:      layout_loops_ring, minmay_temple_entry_offerings
D:5:      layout_loops_ring
D:6:      layout_loops_corners, uniq_blork_the_orc, uniq_pikel
D:7:      gammafunk_the_bubble [the_bubble_gammafunk_split], layout_loops_ring,
          mainiacjoe_overflow_alcove_1, hex_large
D:8:      layout_basic, st_stairs_11, grunt_decor_one_mirror
D:9:      layout_basic, orc_david_3
D:10:     layout_roguey, gammafunk_temple_overflow_elements,
          grunt_lair_entry_orc_guard_hut, uniq_psyche
Temple:   hellmonk_temple_of_storms
Lair:1:   layout_long_grid, serial_bayou_shore_a
Lair:2:   layout_layer_cave, elwin_shoals_entry_stream,
          nicolae_volcano_entry_batcave, infiniplex_staircase_pool_2,
          uniq_amaemon

Skill      XL: |  1  2  3  4  5  6  7  8  9 10 11 12 |
---------------+-------------------------------------+-----
Axes           | 2 3 4 5 6 7 8 9 10 12 | 12.5
Invocations    | 2 4 5 7 8 9 10 | 10.5
Armour         | 4 5 6 7 |  7.7
Dodging        | 2 4 5 6 |  6.8
Fighting       | 4 5 6 7 8 |  8.4
Evocations     | 2 3 |  3.6
Throwing       | 2 3 |  3.4
Shields        | |  2.6

Action                     |  1- 3 |  4- 6 |  7- 9 | 10-12 || total
---------------------------+-------+-------+-------+-------++-------
  Melee: War axe           |    81 |   115 |       |       ||   196
         Lance             |       |     9 |   280 |   511 ||   800
         Tailslap          |       |       |    24 |    65 ||    89
  Throw: Dart              |       |       |       |    20 ||    20
  Evoke: Wand              |       |       |       |    10 ||    10
    Use: Scroll            |       |     2 |     5 |     6 ||    13
         Potion            |       |       |       |     3 ||     3
   Stab: Sleeping          |       |     5 |     7 |     9 ||    21
         Distracted        |       |       |       |     1 ||     1
 Armour: Scale mail        |    26 |       |       |       ||    26
         Leather armour    |     6 |    39 |   107 |   175 ||   327
         Ring mail         |       |       |       |    17 ||    17
  Dodge: Dodged            |    36 |    52 |   140 |   273 ||   501
  Block: Buckler           |    35 |    46 |   105 |   182 ||   368
         Reflection        |     2 |     1 |     4 |     2 ||     9

Table legend: (Time is in decaauts)
 A = Elapsed time spent in this place.
 B = Non-inter-level travel time spent in this place.
 C = Inter-level travel time spent in this place.
 D = Time resting spent in this place.
 E = Time spent auto-exploring this place.
 F = Levels seen in this place.
 G = Mean time per level.
                   A        B        C        D        E       F      G
               +--------+--------+--------+--------+--------+-----+--------+
         Total |  10389 |  10009 |    380 |   1350 |   6110 |  14 |  742.1 |
       Dungeon |   8406 |   8086 |    320 |    869 |   5487 |  10 |  840.6 |
        Temple |     45 |      1 |     44 |      0 |      0 |   1 |   45.0 |
          Lair |   1293 |   1278 |     15 |     87 |    616 |   2 |  646.5 |
       Volcano |    644 |    644 |      0 |    394 |      7 |   1 |  644.0 |
               +--------+--------+--------+--------+--------+-----+--------+

Top non-repeatable levels by time:
     D:8: 1226 daAuts
     D:7: 1121 daAuts
  Lair:1: 880 daAuts
     D:6: 876 daAuts
     D:2: 802 daAuts
    D:10: 797 daAuts
     D:9: 791 daAuts
     D:3: 744 daAuts
     D:1: 709 daAuts
     D:5: 675 daAuts
     D:4: 662 daAuts
 Volcano: 644 daAuts
  Lair:2: 413 daAuts
  Temple: 45 daAuts
